[Event "Titled Tuesday Blitz December 06 Early 2022"]
[White "Galchenko, Matvey"]
[Black "Saravana, Krishnan P."]
[WhiteFideId "24175480"]
[BlackFideId "5018382"]
[WhiteElo "2404"]
[BlackElo "2190"]
[Result "1-0"]
[Round "03"]
[TimeControl "180+1"]
[Date "2022.12.07"]
[WhiteClock "0:00:40"]
[BlackClock "0:00:01"]

1. f4 Nf6 2. Nf3 d5 3. g3 g6 4. Bg2 Bg7 5. O-O O-O 6. d3 c5 7. Nc3 Nc6 8. e4 d4 9. Na4 Nd7 10. c4 dxc3 11. Nxc3 b6 12. Be3 Bb7 13. e5 Nb4 14. d4 cxd4 15. Nxd4 Bxg2 16. Kxg2 Nc5 17. Qf3 Ne6 18. Nxe6 fxe6 19. Rad1 Qe8 20. a3 Nc6 21. Qe4 Rc8 22. Rd3 g5 23. b4 Qh5 24. Kh1 Nxe5 25. Rdd1 Ng4 26. Bg1 Rxc3 27. Qxe6+ Kh8 28. fxg5 Rcc8 29. Qxe7 Nf2+ 30. Bxf2 Rxf2 31. Rd8+ Bf8 32. Qe5+ Kg8 33. Qd5+ Qf7 34. Rxf2 Qxd5+ 35. Rxd5 1-0


[Site "https://www.chess.com"]

[Event "Titled Tuesday Blitz December 06 Early 2022"]
[White "Gatterer, Florian"]
[Black "Mikhailovsky, Vladimir"]
[WhiteFideId "811688"]
[BlackFideId "34105414"]
[WhiteElo "2218"]
[BlackElo "2295"]
[Result "1/2-1/2"]
[Round "03"]
[TimeControl "180+1"]
[Date "2022.12.07"]
[WhiteClock "0:02:07"]
[BlackClock "0:02:05"]

1. c4 e6 2. Nf3 d5 3. e3 Nf6 4. Nc3 Nbd7 5. b3 b6 6. cxd5 exd5 7. Bb2 Bb7 8. d4 Bd6 9. Bd3 O-O 10. O-O a6 11. Ne2 Qe7 12. Ng3 g6 13. Re1 Ne4 14. Bxe4 dxe4 15. Nd2 Bd5 16. Rc1 b5 17. f3 f5 18. f4 g5 19. Qh5 1/2-1/2


[Site "https://www.chess.com"]

[Event "Titled Tuesday Blitz December 06 Early 2022"]
[White "Golizadeh, Asghar"]
[Black "Dzhaparov, Medet"]
[WhiteFideId "12505269"]
[BlackFideId "13803689"]
[WhiteElo "2403"]
[BlackElo "1702"]
[Result "1-0"]
[Round "03"]
[TimeControl "180+1"]
[Date "2022.12.07"]
[WhiteClock "0:01:53"]
[BlackClock "0:01:02"]

1. e4 e5 2. Nc3 Nc6 3. Bc4 Bc5 4. Qg4 Bf8 5. Nge2 d5 6. Qf3 dxc4 7. O-O Nf6 8. h3 Be6 9. g4 h6 10. Ng3 Nd4 11. Qd1 Nd7 12. Nce2 Nxe2+ 13. Qxe2 Qh4 14. Kg2 Nb8 15. d4 exd4 16. Nf5 Bxf5 17. exf5+ Qe7 18. Qxc4 Nc6 19. Bf4 Qc5 20. Rae1+ Kd8 21. Qxf7 Ne7 22. Re6 Qd5+ 23. f3 Qd7 24. Rfe1 Kc8 25. Rxe7 Bxe7 26. Rxe7 Qa4 27. Rxc7+ Kd8 28. Qe7# 1-0


[Site "https://www.chess.com"]

[Event "Titled Tuesday Blitz December 06 Early 2022"]
[White "Golubev, Mikhail"]
[Black "Xu, Yi"]
[WhiteFideId "14100983"]
[BlackFideId "8605564"]
[WhiteElo "2374"]
[BlackElo "2471"]
[Result "0-1"]
[Round "03"]
[TimeControl "180+1"]
[Date "2022.12.06"]
[WhiteClock "0:00:02"]
[BlackClock "0:00:12"]

1. e4 c5 2. Nf3 d6 3. d4 cxd4 4. Nxd4 Nf6 5. Nc3 a6 6. Bc4 e6 7. O-O b5 8. Bb3 Bb7 9. Re1 Nbd7 10. a4 b4 11. Nd5 Nc5 12. Bg5 exd5 13. e5 dxe5 14. Rxe5+ Ne6 15. a5 Bd6 16. Ba4+ Ke7 17. Bxf6+ gxf6 18. Nf5+ Kf8 19. Re1 Ng7 20. Nxg7 Kxg7 21. Qg4+ Kf8 22. Re8+ Qxe8 23. Bxe8 Kxe8 24. Re1+ Kd8 25. Qg7 Rf8 26. Qxf6+ Kd7 27. Qf5+ Kc7 28. c3 Rae8 29. Rc1 b3 30. h3 Re6 31. c4 dxc4 32. Rxc4+ Kb8 33. Rc1 Rfe8 34. Rf1 Rg6 35. g3 f6 36. Qd7 Rxg3+ 0-1


[Site "https://www.chess.com"]

[Event "Titled Tuesday Blitz December 06 Early 2022"]
[White "Gong, Qianyun"]
[Black "Ghosh, Chanchal Kumer"]
[WhiteFideId "8602425"]
[BlackFideId "10201858"]
[WhiteElo "2199"]
[BlackElo "2058"]
[Result "1-0"]
[Round "03"]
[TimeControl "180+1"]
[Date "2022.12.07"]
[WhiteClock "0:00:40"]
[BlackClock "0:00:21"]

1. e4 c5 2. Nf3 d6 3. d4 cxd4 4. Qxd4 Nf6 5. Bg5 Nc6 6. Bb5 e5 7. Qd3 Bd7 8. Nc3 a6 9. Ba4 b5 10. Bb3 Be6 11. Bd5 Rc8 12. O-O-O Be7 13. Bxf6 gxf6 14. Qe3 Qa5 15. Kb1 b4 16. Ne2 h5 17. Ng3 Qb5 18. h4 Na5 19. b3 Rc3 20. Qd2 Qc5 21. Ne2 Rg8 22. Bxe6 fxe6 23. Rhg1 Kf7 24. Nxc3 bxc3 25. Qe3 Qa3 26. Qxc3 Rb8 27. Qb2 Qc5 28. Ka1 Qxf2 29. Rdf1 Qc5 30. Ng5+ Ke8 31. Nxe6 Qc8 32. Ng7+ Kf7 33. Nf5 Nc4 34. Qc3 Na3 35. Qxc8 Rxc8 36. c4 Nc2+ 37. Kb2 Nb4 38. g4 Nd3+ 39. Kc3 Nf4 40. gxh5 Nxh5 41. Nxe7 Kxe7 42. Rg6 Nf4 43. Rg7+ Ke6 44. Rf3 Rh8 45. Rg4 Rd8 46. b4 Rc8 47. Kb3 Rb8 48. a4 Kf7 49. b5 Ne6 50. Kb4 axb5 51. cxb5 Nd4 52. Rfg3 Ke6 53. Rg8 Rb6 54. Re8+ Kf7 55. Rgg8 Nc6+ 56. Kc4 Ne7 57. Rgf8+ Ke6 58. h5 Rb7 59. h6 Rc7+ 60. Kb4 d5 61. h7 Rc4+ 62. Ka5 Rxe4 63. h8=Q Kd7 64. Rd8+ Kc7 65. Qxf6 1-0


[Site "https://www.chess.com"]

[Event "Titled Tuesday Blitz December 06 Early 2022"]
[White "Goroshkov, Maksym"]
[Black "Donskov, Anatoly"]
[WhiteFideId "14142716"]
[BlackFideId "24143413"]
[WhiteElo "2258"]
[BlackElo "2219"]
[Result "1-0"]
[Round "03"]
[TimeControl "180+1"]
[Date "2022.12.07"]
[WhiteClock "0:00:17"]
[BlackClock "0:00:02"]

1. e4 c5 2. c3 d5 3. exd5 Qxd5 4. d4 Nf6 5. Nf3 e6 6. Be2 Be7 7. O-O Nc6 8. Be3 cxd4 9. cxd4 b6 10. Nc3 Qd6 11. Ne5 Bb7 12. Bf3 Nd5 13. Nb5 Qd8 14. Bxd5 exd5 15. Bf4 O-O 16. Qg4 Nxe5 17. Bxe5 Bf6 18. Nd6 Ba6 19. Rfe1 Bd3 20. Re3 Bg6 21. Rae1 Be7 22. Nf5 Bf6 23. Rf3 Bxe5 24. dxe5 Bxf5 25. Qxf5 Qe7 26. Rh3 g6 27. Qf4 f5 28. e6 Rad8 29. Qd4 Rfe8 30. Rhe3 Qg7 31. Qd2 d4 32. R3e2 d3 33. Re3 Qf6 34. Rxd3 Rxd3 35. Qxd3 Rxe6 36. Qd5 Kf7 37. h4 Qe7 38. g3 Kf6 39. Qd4+ Kf7 40. Qc4 Kf6 41. Qc3+ Kf7 42. Rxe6 Kxe6 43. Qh8 Kd7 44. Qb8 Kc6 45. Qc8+ Kd6 46. Qc3 a5 47. b4 Kd7 48. bxa5 bxa5 49. Qxa5 Qe4 50. Qa7+ Ke6 51. Qa6+ Kf7 52. Qa7+ Kg8 53. Qa5 Qb1+ 54. Kh2 Qc2 55. Qd5+ Kg7 56. Qd4+ Kh6 57. a4 g5 58. Qf6+ Kh5 59. Qxg5# 1-0


[Site "https://www.chess.com"]

[Event "Titled Tuesday Blitz December 06 Early 2022"]
[White "Grandelius, Nils"]
[Black "Csonka, Balazs"]
[WhiteFideId "1710400"]
[BlackFideId "742910"]
[WhiteElo "2617"]
[BlackElo "2404"]
[Result "1-0"]
[Round "03"]
[TimeControl "180+1"]
[Date "2022.12.06"]
[WhiteClock "0:00:19"]
[BlackClock "0:00:02"]

1. g3 d5 2. Bg2 e5 3. Nf3 e4 4. Nd4 Nf6 5. d3 exd3 6. cxd3 Bc5 7. Nb3 Bb6 8. O-O O-O 9. Nc3 c6 10. h3 a5 11. Na4 Bc7 12. e4 b5 13. Nac5 a4 14. Nd4 Bb6 15. b4 axb3 16. Ndxb3 dxe4 17. dxe4 Nbd7 18. Be3 Ne5 19. f4 Nc4 20. Bf2 Qe7 21. Qc2 Nd7 22. Nxd7 Bxf2+ 23. Qxf2 Bxd7 24. e5 Ra3 25. Rfd1 Rfa8 26. Nd4 Ne3 27. Re1 Nxg2 28. Kxg2 c5 29. Nb3 Bc6+ 30. Kh2 c4 31. Nd4 Qc5 32. Re2 Rd3 33. Nxc6 Qxc6 34. Rb1 Rad8 35. Rbb2 h5 36. h4 c3 37. Rbc2 b4 38. f5 Qd5 39. e6 fxe6 40. fxe6 Rf8 41. e7 Re8 42. Qf4 Qd7 43. Qxb4 Rd2 44. Qxc3 Rxc2 45. Qxc2 Rxe7 46. Qc4+ Kh7 47. Rf2 Re6 48. Qc2+ g6 49. Qb3 Qe7 50. Qf3 Re5 51. a4 Rf5 52. Qg2 Rxf2 53. Qxf2 Qb4 54. Qa2 Qa5 55. Qa3 Qd2+ 56. Kg1 Qd1+ 57. Kf2 Qd2+ 58. Kf3 Qd1+ 59. Kf4 Qd2+ 60. Ke5 Qe2+ 61. Kd4 Qd2+ 62. Kc4 Qc2+ 63. Kb5 Qe2+ 64. Kb6 Qe6+ 65. Kb5 Qd7+ 66. Ka5 Qb7 67. Qc5 Qa8+ 68. Kb4 Qb7+ 69. Kc4 Qe4+ 70. Kb5 Qb7+ 71. Qb6 Qd5+ 72. Ka6 Qa8+ 73. Qa7+ Qxa7+ 74. Kxa7 1-0


[Site "https://www.chess.com"]

[Event "Titled Tuesday Blitz December 06 Early 2022"]
[White "Grot, Blazej"]
[Black "Aggelis, Nikolaos"]
[WhiteFideId "21835845"]
[BlackFideId "4213220"]
[WhiteElo "1823"]
[BlackElo "2189"]
[Result "1/2-1/2"]
[Round "03"]
[TimeControl "180+1"]
[Date "2022.12.07"]
[WhiteClock "0:02:13"]
[BlackClock "0:01:40"]

1. e4 c6 2. Nc3 d5 3. Qe2 g6 4. g3 Bg7 5. Bg2 dxe4 6. Nxe4 Nf6 7. Nxf6+ Bxf6 8. c3 O-O 9. d4 e5 10. dxe5 Bxe5 11. Nf3 Bg7 12. O-O Bg4 13. Qc4 Bxf3 14. Bxf3 Nd7 15. Bf4 Ne5 16. Bxe5 Bxe5 17. Rad1 Qb6 18. Rfe1 Bf6 19. Qb3 Qxb3 20. axb3 Rad8 1/2-1/2


[Site "https://www.chess.com"]

[Event "Titled Tuesday Blitz December 06 Early 2022"]
[White "Guzman Moneo, Alberto"]
[Black "Pein, Jonathan"]
[WhiteFideId "2209616"]
[BlackFideId "417092"]
[WhiteElo "2157"]
[BlackElo "2225"]
[Result "1-0"]
[Round "03"]
[TimeControl "180+1"]
[Date "2022.12.07"]
[WhiteClock "0:00:58"]
[BlackClock "0:00:14"]

1. c4 f5 2. Nc3 Nf6 3. g3 g6 4. Bg2 Bg7 5. Rb1 a5 6. a3 O-O 7. b4 axb4 8. axb4 d6 9. d3 e5 10. Bb2 Nc6 11. b5 Ne7 12. Ra1 Rxa1 13. Qxa1 c6 14. bxc6 bxc6 15. Nf3 h6 16. O-O g5 17. c5 g4 18. cxd6 Qxd6 19. Nd2 Be6 20. Ba3 Qd7 21. Nc4 Nfd5 22. Na4 Ra8 23. Nc5 Qc8 24. Nxe6 Qxe6 25. Qc1 Nc8 26. Bc5 Ra2 27. Re1 e4 28. dxe4 fxe4 29. Ne3 Ra1 30. Qxa1 Bxa1 31. Rxa1 Nc3 32. Bf1 h5 33. Ng2 Qf5 34. Bd4 Nd5 35. Ne3 Qe6 36. Nxd5 Qxd5 37. e3 c5 38. Rc1 Qf7 39. Bc4 cxd4 40. Bxf7+ Kxf7 41. Rxc8 d3 42. Rd8 Ke7 43. Rd4 Kf6 44. Rxe4 Kf5 45. Rd4 d2 46. Rxd2 1-0


[Site "https://www.chess.com"]

[Event "Titled Tuesday Blitz December 06 Early 2022"]
[White "HSH1987"]
[Black "De Souza, Cristiano Gomes"]
[BlackFideId "2151758"]
[WhiteElo "2522"]
[BlackElo "2068"]
[Result "1-0"]
[Round "03"]
[TimeControl "180+1"]
[Date "2022.12.07"]
[WhiteClock "0:01:14"]
[BlackClock "0:01:53"]

1. Nf3 Nf6 2. g3 g6 3. Bg2 Bg7 4. O-O O-O 5. d4 d6 6. b3 Nc6 7. Bb2 Bf5 8. Nbd2 Ne4 9. c4 Nxd2 10. Qxd2 Be4 11. d5 Bxf3 12. exf3 Bxb2 13. Qxb2 Ne5 14. f4 Nd7 15. Rfe1 Nf6 16. Bf3 Re8 17. Re2 Qd7 18. Rae1 c6 19. dxc6 bxc6 20. Kg2 h5 21. Qc2 Kg7 22. Re3 Rac8 23. Qe2 Rc7 24. h3 Qc8 25. Qb2 Qd8 26. g4 hxg4 27. hxg4 Kg8 28. g5 Nh7 29. Bg4 e5 30. Rh1 Rce7 31. Reh3 Nf8 32. Rh8+ Kg7 33. Qc3 d5 34. Qh3 f6 35. Qh7+ 1-0


[Site "https://www.chess.com"]

[Event "Titled Tuesday Blitz December 06 Early 2022"]
[White "Hirneise, Jens"]
[Black "Wojtaszek, Radoslaw"]
[WhiteFideId "24614734"]
[BlackFideId "1118358"]
[WhiteElo "2345"]
[BlackElo "2605"]
[Result "0-1"]
[Round "03"]
[TimeControl "180+1"]
[Date "2022.12.07"]
[WhiteClock "0:00:57"]
[BlackClock "0:01:21"]

1. c4 e5 2. d3 Nc6 3. Nf3 Nf6 4. Bd2 Bc5 5. Nc3 O-O 6. e3 d6 7. Be2 a5 8. O-O h6 9. a3 Bf5 10. Na4 e4 11. dxe4 Nxe4 12. Bc3 Qe7 13. Rc1 Rfe8 14. Nxc5 dxc5 15. Qa4 Rad8 16. Qb5 Rd6 17. Bxa5 Rg6 18. Kh1 Bd7 19. Qxb7 Nxa5 20. Qxc7 Bh3 21. Qxe7 Bxg2+ 22. Kg1 Bxf3+ 23. Qg5 Rxg5# 0-1


[Site "https://www.chess.com"]

[Event "Titled Tuesday Blitz December 06 Early 2022"]
[White "Holt, Conrad"]
[Black "Stijve, Theo"]
[WhiteFideId "2034387"]
[BlackFideId "1331132"]
[WhiteElo "2592"]
[BlackElo "2256"]
[Result "1-0"]
[Round "03"]
[TimeControl "180+1"]
[Date "2022.12.07"]
[WhiteClock "0:00:06"]
[BlackClock "0:00:17"]

1. d4 d5 2. c4 e6 3. Nc3 Nf6 4. cxd5 exd5 5. Bg5 c6 6. e3 Be7 7. Bd3 O-O 8. Nge2 Nbd7 9. Ng3 h6 10. Bf4 Re8 11. Nf5 Bf8 12. Qf3 Nb6 13. Be5 Bxf5 14. Qxf5 Bd6 15. Bxf6 Qxf6 16. Qh7+ Kf8 17. O-O g5 18. Ne2 Qg7 19. Qf5 Re6 20. Qg4 Rae8 21. b3 Nd7 22. Rad1 Nf6 23. Qf5 Ne4 24. Bxe4 Rxe4 25. Qd7 Qf6 26. Qxb7 R8e7 27. Qc8+ Kg7 28. Rc1 Rc7 29. Qa6 h5 30. Nc3 Re6 31. Qd3 h4 32. Rfe1 h3 33. g3 g4 34. e4 dxe4 35. Rxe4 Qg6 36. Qe2 Rce7 37. Rxe6 Rxe6 38. Qd1 Bb4 39. d5 cxd5 40. Qd4+ f6 41. Qxb4 Qc2 42. Qxg4+ Kf8 43. Qd1 Qb2 44. Nxd5 Qe5 45. Nf4 Qe4 46. Nxe6+ Ke7 47. Nf4 f5 48. Rc7+ Kf6 49. Qd6+ Kg5 50. Qg6# 1-0


[Site "https://www.chess.com"]

[Event "Titled Tuesday Blitz December 06 Early 2022"]
[White "Hristodoulou, Panagiotis"]
[Black "Chernomordik, Pavel"]
[WhiteFideId "4214340"]
[BlackFideId "2804530"]
[WhiteElo "2272"]
[BlackElo "2193"]
[Result "1-0"]
[Round "03"]
[TimeControl "180+1"]
[Date "2022.12.07"]
[WhiteClock "0:00:04"]
[BlackClock "0:00:01"]

1. e4 g6 2. d4 Bg7 3. Nc3 d6 4. Be3 a6 5. Qd2 Nd7 6. h4 h6 7. O-O-O b5 8. f4 Bb7 9. h5 b4 10. Nd5 gxh5 11. Nf3 e6 12. Nxb4 Bxe4 13. Bd3 Ngf6 14. f5 exf5 15. d5 Bxf3 16. gxf3 Ne5 17. Rde1 Kf8 18. Nc6 Nxc6 19. dxc6 Nd5 20. Bxf5 Nxe3 21. Qxe3 Qf6 22. Bd7 Qxb2+ 23. Kd2 Qd4+ 24. Qxd4 Bxd4 25. Rxh5 Be5 26. Re4 Kg7 27. Rg4+ Kf6 28. Rf5+ Ke7 29. Re4 Kf8 30. f4 Bg7 31. Be6 f6 32. Bd7 Kf7 33. Ke2 Rad8 34. Kf2 h5 35. Kg2 h4 36. Kh3 Kg6 37. Ra5 Rb8 38. Re7 f5 39. Bxf5+ Kf6 40. Rxc7 1-0


[Site "https://www.chess.com"]

[Event "Titled Tuesday Blitz December 06 Early 2022"]
[White "Ilkhomi, Jaloliddin"]
[Black "Ozen, Bahadir"]
[WhiteFideId "14700948"]
[BlackFideId "6337058"]
[WhiteElo "2045"]
[BlackElo "2503"]
[Result "0-1"]
[Round "03"]
[TimeControl "180+1"]
[Date "2022.12.07"]
[WhiteClock "0:00:07"]
[BlackClock "0:00:14"]

1. d4 d6 2. Nf3 Nf6 3. Bg5 Nbd7 4. Nbd2 e5 5. c3 Be7 6. e4 O-O 7. Bd3 c6 8. O-O Qc7 9. Qe2 Re8 10. dxe5 dxe5 11. h3 Nc5 12. Bc2 b5 13. b4 Ne6 14. Be3 c5 15. bxc5 Bxc5 16. Bb3 Bxe3 17. Qxe3 Bb7 18. Bxe6 Rxe6 19. Rfd1 Rc6 20. Rac1 Rc8 21. Qd3 Rc5 22. Rc2 a6 23. Rdc1 b4 24. c4 a5 25. Qe3 Ba6 26. Nb3 Rc6 27. Nbd2 a4 28. g4 Rc5 29. Kg2 Nd7 30. Ne1 Nf8 31. Nd3 Ra5 32. Nxb4 Ne6 33. Nd5 Qd8 34. Nf3 f6 35. Rd2 Rac5 36. Rcd1 Bxc4 37. Kh2 Bxd5 38. Rxd5 Rxd5 39. Rxd5 Qe8 40. Rd2 Nf4 41. Ne1 h5 42. Ng2 Ne6 43. Qa7 hxg4 44. hxg4 Rc7 45. Qe3 Kf7 46. Kg3 Qc8 47. f4 Rc3 48. Rd3 exf4+ 49. Nxf4 Rxd3 50. Qxd3 Qc7 51. Qe3 g5 52. Kh3 Qxf4 53. Qa7+ Kg6 54. Qxa4 Qf3+ 55. Kh2 Qf2+ 56. Kh1 Qe1+ 57. Kh2 Qe2+ 58. Kh1 Qxg4 59. e5 Qxa4 60. exf6 Qc2 61. a3 Nf4 62. f7 Qg2# 0-1


[Site "https://www.chess.com"]

[Event "Titled Tuesday Blitz December 06 Early 2022"]
[White "Itgelt, Khuyagtsogt"]
[Black "Sargissyan, Sargis"]
[WhiteFideId "4902912"]
[BlackFideId "13303210"]
[WhiteElo "2227"]
[BlackElo "2109"]
[Result "1-0"]
[Round "03"]
[TimeControl "180+1"]
[Date "2022.12.07"]
[WhiteClock "0:00:04"]
[BlackClock "0:00:08"]

1. d4 Nf6 2. Nf3 g6 3. g3 Bg7 4. Bg2 O-O 5. O-O d5 6. b3 c5 7. e3 cxd4 8. exd4 Nc6 9. Bb2 Bg4 10. h3 Bxf3 11. Bxf3 e6 12. Re1 Re8 13. Kg2 Rc8 14. Nd2 Nb4 15. Re2 Nxc2 16. Rc1 Nb4 17. Rxc8 Qxc8 18. Qb1 Qc7 19. a3 Nc6 20. b4 Nd7 21. Nb3 Rc8 22. Rc2 Qb6 23. Qc1 a5 24. Nxa5 Bxd4 25. Nxc6 bxc6 26. Bxd4 Qxd4 27. Rxc6 Rxc6 28. Qxc6 Ne5 29. Qc2 Qa1 30. Qb3 d4 31. b5 d3 32. b6 d2 33. b7 Nxf3 34. b8=Q+ Kg7 35. Qd6 Ne1+ 36. Kh2 Nf3+ 37. Qxf3 Qe1 38. Qd4+ Kg8 39. Qfd3 1-0


[Site "https://www.chess.com"]

[Event "Titled Tuesday Blitz December 06 Early 2022"]
[White "Jaskolka, Tomasz"]
[Black "Martin, Lewis"]
[WhiteFideId "1170791"]
[BlackFideId "410551"]
[WhiteElo "2126"]
[BlackElo "2145"]
[Result "1-0"]
[Round "03"]
[TimeControl "180+1"]
[Date "2022.12.07"]
[WhiteClock "0:00:04"]
[BlackClock "0:00:06"]

1. e4 c5 2. Nf3 d6 3. Bb5+ Nd7 4. d4 cxd4 5. Qxd4 Nf6 6. O-O a6 7. Ba4 g6 8. Nc3 Bg7 9. Bg5 O-O 10. Qd2 Nc5 11. Rfe1 b5 12. Bb3 b4 13. Nd5 Nfxe4 14. Nxe7+ Kh8 15. Qd5 Be6 16. Nxg6+ hxg6 17. Bxd8 Bxd5 18. Bxd5 Raxd8 19. Bxe4 Nxe4 20. Rxe4 Bxb2 21. Rd1 Bc3 22. g3 Kg7 23. Re7 d5 24. Kg2 Rd6 25. Rb7 Re8 26. Nd4 Re4 27. Nb3 Re2 28. Rd3 Rxc2 29. Rf3 Rf6 30. Rxf6 Bxf6 31. Rxb4 Rxa2 32. Rb7 a5 33. Rb5 a4 34. Nc1 Rc2 35. Nd3 a3 36. Ra5 a2 37. Nb4 Rb2 38. Nxa2 Bd4 39. h4 Bxf2 40. Kh3 Bb6 41. Ra6 d4 42. Nc1 Bc7 43. Rc6 Be5 44. Nd3 Re2 45. Rc5 Bd6 46. Rd5 Bb8 47. Rxd4 Re3 48. Nf4 Kh6 49. Kg4 f5+ 50. Kh3 Re4 51. Rxe4 fxe4 52. Ne6 Be5 53. Kg2 Kh5 54. Kh3 e3 55. g4+ Kh6 56. Kg2 g5 57. Nxg5 Kg6 58. Kf3 Bf6 59. Ne4 Bd4 60. h5+ Kh6 61. Ng3 Kg5 62. Nf5 Bc5 63. Nxe3 Bxe3 64. Kxe3 Kxg4 65. h6 1-0


[Site "https://www.chess.com"]

[Event "Titled Tuesday Blitz December 06 Early 2022"]
[White "Jiganchine, Roman"]
[Black "Gheorghiu, Calin"]
[WhiteFideId "2603667"]
[BlackFideId "1200305"]
[WhiteElo "2321"]
[BlackElo "2224"]
[Result "1-0"]
[Round "03"]
[TimeControl "180+1"]
[Date "2022.12.07"]
[WhiteClock "0:00:07"]
[BlackClock "0:00:02"]

1. e4 c5 2. Nf3 d6 3. Bb5+ Nd7 4. a4 a6 5. Be2 g6 6. d4 cxd4 7. Qxd4 Ngf6 8. e5 dxe5 9. Nxe5 Nxe5 10. Qxe5 Bg7 11. O-O O-O 12. Nc3 Bf5 13. Bf3 Nd7 14. Qg3 Nc5 15. a5 Bxc2 16. Be3 Nb3 17. Bb6 Qd7 18. Rae1 Nd2 19. Rc1 Nxf1 20. Rxf1 Rac8 21. Bg4 Bf5 22. Rd1 Bxg4 23. Rxd7 Bxd7 24. h4 h5 25. Nd5 Rfe8 26. Nc7 Rf8 27. Nd5 Rc1+ 28. Kh2 e6 29. Qe3 Rd1 30. Nc3 Ra1 31. Ne4 Bc6 32. Ng5 Ra4 33. Kh3 Bd5 34. Bc5 Rc8 35. b4 Ra1 36. Kh2 Bc4 37. Qf4 f6 38. Nh3 Bd5 39. Qd6 Rc6 40. Qd8+ Kh7 41. Nf4 Be4 42. f3 Bf5 43. Qd7 e5 44. Nd5 Rd1 45. Qxb7 Re6 46. Ne3 Rd2 47. Nxf5 gxf5 48. Qf7 e4 49. Qxe6 1-0


[Site "https://www.chess.com"]

[Event "Titled Tuesday Blitz December 06 Early 2022"]
[White "Jobava, Baadur"]
[Black "Korchmar, Vasiliy"]
[WhiteFideId "13601520"]
[BlackFideId "24131750"]
[WhiteElo "2582"]
[BlackElo "2370"]
[Result "1-0"]
[Round "03"]
[TimeControl "180+1"]
[Date "2022.12.06"]
[WhiteClock "0:00:48"]
[BlackClock "0:01:00"]

1. b3 d5 2. Bb2 Bg4 3. f3 Bh5 4. e3 e6 5. d4 Nf6 6. Nc3 c5 7. Nge2 Nc6 8. Qd2 Rc8 9. O-O-O cxd4 10. Nxd4 Bb4 11. a3 Ba5 12. Nxc6 bxc6 13. g4 Bg6 14. h4 h5 15. g5 Nd7 16. Bd3 O-O 17. Kb1 c5 18. Bxg6 fxg6 19. f4 Kh7 20. Qe2 c4 21. b4 Bb6 22. Na4 a5 23. e4 axb4 24. exd5 exd5 25. Rxd5 c3 26. Rhd1 Rf7 27. f5 1-0


[Site "https://www.chess.com"]

[Event "Titled Tuesday Blitz December 06 Early 2022"]
[White "Kashtanov, Ruslan"]
[Black "Harshavardhan G B"]
[WhiteFideId "4124871"]
[BlackFideId "25059009"]
[WhiteElo "2276"]
[BlackElo "2323"]
[Result "1-0"]
[Round "03"]
[TimeControl "180+1"]
[Date "2022.12.07"]
[WhiteClock "0:00:03"]
[BlackClock "0:00:01"]

1. d4 Nf6 2. c4 e6 3. g3 d5 4. Bg2 c6 5. Nd2 Bd6 6. Ngf3 Nbd7 7. O-O O-O 8. Qc2 b6 9. e4 dxe4 10. Nxe4 Nxe4 11. Qxe4 Bb7 12. Rd1 Qc7 13. Qc2 h6 14. Be3 c5 15. d5 exd5 16. cxd5 Nf6 17. Nh4 Rfe8 18. Nf5 Be5 19. d6 Qd7 20. Bxb7 Qxb7 21. f4 Bd4 22. Bxd4 cxd4 23. Rxd4 Rac8 24. Qd3 Rcd8 25. Rd1 Qd7 26. h3 Qe6 27. g4 Qxa2 28. g5 hxg5 29. fxg5 Nh5 30. g6 Re6 31. Ne7+ Kf8 32. gxf7 Rh6 33. Rf1 Nf6 34. Ng6+ Kxf7 35. Ne5+ Kg8 36. d7 Qe6 37. Qc4 Qxc4 38. Rxc4 Nxd7 39. Rd4 Rxh3 40. Rxd7 Rxd7 41. Nxd7 Rb3 42. Rf2 a5 43. Ne5 a4 44. Nc4 b5 45. Na5 Rb4 46. Nc6 1-0


[Site "https://www.chess.com"]

[Event "Titled Tuesday Blitz December 06 Early 2022"]
[White "Kirillov, Dmitry"]
[Black "Boyer, Mahel"]
[WhiteFideId "34180572"]
[BlackFideId "45102422"]
[WhiteElo "2111"]
[BlackElo "2455"]
[Result "0-1"]
[Round "03"]
[TimeControl "180+1"]
[Date "2022.12.07"]
[WhiteClock "0:00:05"]
[BlackClock "0:01:05"]

1. e4 Nc6 2. Nf3 d5 3. exd5 Qxd5 4. Nc3 Qh5 5. Be2 Bg4 6. d3 O-O-O 7. h3 e5 8. Be3 f5 9. O-O Nf6 10. Nh2 Bxe2 11. Qxe2 Qg6 12. f4 exf4 13. Bxf4 Bc5+ 14. Kh1 Rhe8 15. Qd2 Nh5 16. Rae1 Rxe1 17. Qxe1 Re8 18. Qh4 Nd4 19. Na4 Re2 20. Bg5 Be7 21. Qxd4 Qxg5 22. Qd5 Ng3+ 23. Kg1 Qe3+ 0-1


[Site "https://www.chess.com"]

[Event "Titled Tuesday Blitz December 06 Early 2022"]
[White "Koellner, Ruben Gideon"]
[Black "Abasov, Nijat"]
[WhiteFideId "12993093"]
[BlackFideId "13402960"]
[WhiteElo "2303"]
[BlackElo "2546"]
[Result "1/2-1/2"]
[Round "03"]
[TimeControl "180+1"]
[Date "2022.12.07"]
[WhiteClock "0:00:02"]
[BlackClock "0:00:09"]

1. d4 Nf6 2. Nf3 b6 3. Nbd2 Bb7 4. e3 e6 5. Bd3 d5 6. O-O c5 7. c3 Nbd7 8. Ne5 Nxe5 9. dxe5 Nd7 10. f4 g6 11. e4 Bg7 12. exd5 exd5 13. Nf3 O-O 14. Be3 Qc7 15. Re1 Rae8 16. Bb5 a6 17. Ba4 b5 18. Bb3 Nb6 19. Qd2 d4 20. cxd4 c4 21. Bc2 Bxf3 22. gxf3 Nd5 23. Be4 Rd8 24. f5 Rfe8 25. f6 Bf8 26. Bh6 Bb4 27. Qg5 Qb6 28. Red1 Nc7 29. Kg2 Rxd4 30. Qg3 Bc5 31. h4 Qe6 32. Bf4 Red8 33. Rxd4 Rxd4 34. h5 Qe8 35. hxg6 fxg6 36. Be3 Rxe4 37. fxe4 Bxe3 38. Qxe3 Qxe5 39. Rf1 Ne6 40. f7+ Kg7 41. Qc3 Qxc3 42. bxc3 Kf8 43. e5 a5 44. Rf6 Ng7 45. e6 Nf5 46. a3 Ne3+ 47. Kf3 Nd5 48. e7+ Nxe7 49. Ke4 h5 50. Rb6 h4 51. Rxb5 Kxf7 52. Rxa5 Kf6 53. Ra6+ Kg5 54. Ra7 Nf5 55. Rh7 Kg4 56. a4 h3 57. a5 Nh4 58. Rd7 h2 59. Rd1 Nf5 60. a6 Ng3+ 61. Ke5 Ne2 62. Rh1 Nxc3 63. a7 Ne2 64. a8=Q c3 65. Qg2+ Ng3 66. Rxh2 c2 67. Qxc2 g5 68. Qg2 1/2-1/2


[Site "https://www.chess.com"]

[Event "Titled Tuesday Blitz December 06 Early 2022"]
[White "Kravtsiv, Martyn"]
[Black "Herman, Daniel"]
[WhiteFideId "14113147"]
[BlackFideId "30935008"]
[WhiteElo "2695"]
[BlackElo "1897"]
[Result "1-0"]
[Round "03"]
[TimeControl "180+1"]
[Date "2022.12.07"]
[WhiteClock "0:01:53"]
[BlackClock "0:01:00"]

1. e4 g6 2. d4 Bg7 3. Nc3 d6 4. f4 Nf6 5. Nf3 c5 6. dxc5 Qa5 7. Bd3 Qxc5 8. Qe2 O-O 9. Be3 Qa5 10. O-O-O Nc6 11. Bc4 Bg4 12. h3 Bxf3 13. Qxf3 Rac8 14. Bb3 b5 15. Kb1 b4 16. Nd5 Nxd5 17. exd5 Nb8 18. h4 Nd7 19. h5 Nc5 20. hxg6 fxg6 21. Qh3 h6 22. f5 Nxb3 23. Bxh6 Bxb2 24. Bxf8 1-0


[Site "https://www.chess.com"]

[Event "Titled Tuesday Blitz December 06 Early 2022"]
[White "Krzywda, Andrzej"]
[Black "Toshali, V"]
[WhiteFideId "1114565"]
[BlackFideId "5072611"]
[WhiteElo "2149"]
[BlackElo "1973"]
[Result "1-0"]
[Round "03"]
[TimeControl "180+1"]
[Date "2022.12.07"]
[WhiteClock "0:02:22"]
[BlackClock "0:01:59"]

1. e4 c6 2. d4 d5 3. exd5 cxd5 4. Bd3 Nc6 5. c3 Nf6 6. Bf4 g6 7. Nf3 Bg7 8. O-O O-O 9. Re1 Nh5 10. Bg5 h6 11. Be3 Nf6 12. Bf4 Bg4 13. h3 Be6 14. Nbd2 Bd7 15. Bh2 Qb6 16. Qb3 Rfe8 17. Ne5 Qxb3 18. axb3 Bf5 19. Bxf5 gxf5 20. Nxc6 bxc6 21. f3 Nd7 22. b4 Nb6 23. Ra6 1-0


[Site "https://www.chess.com"]